 Dungeon Crawl Stone Soup version 0.24.0-13-gcf9b319 (webtiles) character file.

Game seed: 5058137871324899172, levelgen mode: deterministic

2145247 CabbageHands the Acrobat (level 27, 326/326 HPs)
             Began as a Demonspawn Gladiator on Nov 29, 2019.
             Was an Initiate of Gozag.
             Escaped with the Orb
             ... and 4 runes on Dec 5, 2019!
             The game lasted 05:09:41 (85946 turns).

CabbageHands the Acrobat (Demonspawn Gladiator)    Turns: 85946, Time: 05:09:41

Health: 326/326    AC: 36    Str: 20      XL:     27
Magic:  31/31      EV: 31    Int: 16      God:    Gozag
Gold:   4402       SH:  0    Dex: 30 (31) Spells: 26/26 levels left

rFire    + + .     SeeInvis .   w - +9 lajatang (chaos)
rCold    + . .     Gourm    .   (shield currently unavailable)
rNeg     + + .     Faith    .   Y - +5 plate armour {rF+}
rPois    +         Spirit   .   (helmet unavailable)
rElec    +         Reflect  .   N - +1 cloak of Starlight {rElec rC+ EV+4 Stlth--}
rCorr    +         Harm     .   i - +2 pair of gloves of an ice cave {rN+ Slay+2}
MR       +++..                  d - +0 pair of boots of Surprise {rCorr Str+2 Int+2 Dex-4}
Stlth    ..........             X - amulet of the Tortoise {Fragile rElec Regen+ Dex+4}
HPRegen  1.04/turn              g - ring "Eqeitebb" {rPois rN+ Dex+4 Slay+6}
MPRegen  0.22/turn              Z - ring "Ysugugeost" {rF+ MR+ Dex+7}

@: bribing [the Dungeon, the Realm of Zot]
A: beak, horns 3, talons 1, rugged brown scales 3, [deterioration 1], low mp 1,
mutation resistance 1, nightstalker 3, powered by pain 3, robust 3
0: Orb of Zot
}: 4/15 runes: decaying, serpentine, slimy, silver
a: Potion Petition, Call Merchant, Bribe Branch, Renounce Religion


You escaped.
You worshipped Gozag.
Gozag was most pleased with you.
You were not hungry.

You visited 12 branches of the dungeon, and saw 58 of its levels.
You visited the Abyss 1 time.
You also visited: Gauntlet, Wizlab and Desolation.

You collected 34534 gold pieces.
You spent 7122 gold pieces at shops.
You paid 23010 gold pieces to Gozag.

Inventory:

Hand Weapons
 w - a +9 lajatang of chaos (weapon)
Missiles
 E - a throwing net
 G - 4 silver javelins (quivered)
Armour
 d - the +0 pair of boots of Surprise (worn) {rCorr Str+2 Int+2 Dex-4}
   (You acquired it on level 6 of the Lair of Beasts)

   It affects your strength (+2).
   It affects your intelligence (+2).
   It affects your dexterity (-4).
   It provides partial protection from all sources of acid and corrosion.
 i - the +2 pair of gloves of an ice cave (worn) {rN+ Slay+2}
   (You acquired it on level 4 of the Realm of Zot)

   It affects your accuracy and damage with ranged weapons and melee attacks
   (+2).
   It protects you from negative energy.
 D - the +2 pair of boots "Moffi" {+Blink Dex+2 Stlth+}
   (You bought it in a shop on level 1 of the Lair of Beasts)

   It affects your dexterity (+2).
   It lets you blink.
   It makes you more stealthy.
 N - the +1 cloak of Starlight (worn) {rElec rC+ EV+4 Stlth--}
   (You bought it in a shop on level 9 of the Dungeon)

   It affects your evasion (+4).
   It protects you from cold.
   It insulates you from electricity.
   It makes you much less stealthy.
 P - the +0 pair of gloves of the Nine Allies {rF- MR+ Str+4 Dex+4}
   (You found it in a Gauntlet)

   It affects your strength (+4).
   It affects your dexterity (+4).
   It makes you vulnerable to fire.
   It affects your resistance to hostile enchantments.
 Y - a +5 plate armour of fire resistance (worn)
Jewellery
 a - an uncursed ring of protection from magic
 c - the amulet of Mimeoj {Reflect rElec Str+3 SH+2 Stlth+}
   (You bought it in a shop on level 4 of the Snake Pit)

   [amulet of reflection]

   It shields you and reflects attacks.
   It affects your strength (+3).
   It insulates you from electricity.
   It affects your SH (+2).
   It makes you more stealthy.
 e - an uncursed ring of see invisible
 g - the ring "Eqeitebb" (left hand) {rPois rN+ Dex+4 Slay+6}
   (You took it off a deep elf knight on level 3 of the Elven Halls)

   [ring of dexterity]

   It affects your dexterity (+4).
   It affects your accuracy and damage with ranged weapons and melee attacks
   (+6).
   It protects you from poison.
   It protects you from negative energy.
 W - the ring of the Ten Eyes {+Inv rF+ rC++ rN+ Dex-4}
   (You found it on level 5 of the Pits of Slime)

   [ring of protection from fire]

   It affects your dexterity (-4).
   It protects you from fire.
   It greatly protects you from cold.
   It protects you from negative energy.
   It lets you turn invisible.
 X - the amulet of the Tortoise (around neck) {Fragile rElec Regen+ Dex+4}
   (You found it on level 3 of the Crypt)

   [amulet of regeneration]

   It affects your dexterity (+4).
   It insulates you from electricity.
   It increases your rate of regeneration.
   It will be destroyed if unequipped.
 Z - the ring "Ysugugeost" (right hand) {rF+ MR+ Dex+7}
   (You bought it in a shop on level 4 of the Snake Pit)

   [ring of protection from fire]

   It affects your dexterity (+7).
   It protects you from fire.
   It affects your resistance to hostile enchantments.
Wands
 m - a wand of clouds (10)
 p - a wand of scattershot (10)
 x - a wand of iceblast (7)
 z - a wand of digging (23)
 S - a wand of paralysis (38)
 T - a wand of acid (25)
 V - a wand of flame (12)
Scrolls
 b - 4 scrolls of magic mapping
 h - 6 scrolls of blinking
 n - 30 scrolls of teleportation
 o - 27 scrolls of remove curse
 s - 9 scrolls of identify
 v - 6 scrolls of enchant armour
 J - 7 scrolls of fear
 K - 14 scrolls of fog
 R - 2 scrolls of summoning
 U - 3 scrolls of silence
Potions
 j - 21 potions of curing
 k - 2 potions of resistance
 l - 4 potions of agility
 q - 3 potions of haste
 r - 7 potions of heal wounds
 t - 10 potions of brilliance
 u - 8 potions of flight
 A - 8 potions of magic
 B - 3 potions of invisibility
 F - 7 potions of might
 H - 3 potions of cancellation
 L - 8 potions of berserk rage
 O - 7 potions of mutation
 Q - 3 potions of ambrosia
Miscellaneous
 C - 2 boxes of beasts
 M - a phial of floods
Comestibles
 f - 42 rations


   Skills:
 - Level 24.0 Fighting
 - Level 14.7 Staves
 - Level 16.0 Throwing
 * Level 21.3 Armour
 - Level 24.4 Dodging
 + Level 15.9 Evocations


You had 26 spell levels left.
You didn't know any spells.
Your spell library contained the following spells:

 Spells                   Type           Power        Failure   Level  Hunger
 Animate Skeleton         Necr           N/A          86%         1    ##.....
 Apportation              Tloc           #.....       86%         1    ##.....
 Confusing Touch          Hex            #.....       86%         1    ##.....
 Corona                   Hex            #......      86%         1    ##.....
 Flame Tongue             Conj/Fire      #....        86%         1    ##.....
 Infusion                 Chrm           #...         86%         1    ##.....
 Magic Dart               Conj           #...         86%         1    ##.....
 Pain                     Necr           #...         86%         1    ##.....
 Sandblast                Erth           #.....       86%         1    ##.....
 Shock                    Conj/Air       #...         86%         1    ##.....
 Sting                    Conj/Pois      #...         86%         1    ##.....
 Summon Butterflies       Summ           #.......     86%         1    ##.....
 Summon Small Mammal      Summ           #...         86%         1    ##.....
 Blink                    Tloc           N/A          95%         2    ###....
 Call Imp                 Summ           #.......     95%         2    ###....
 Corpse Rot               Necr           N/A          95%         2    ###....
 Ensorcelled Hibernation  Hex/Ice        #.....       95%         2    ###....
 Passwall                 Tmut/Erth      #.......     95%         2    ###....
 Poisonous Vapours        Pois/Air       #.....       95%         2    ###....
 Searing Ray              Conj           #.....       95%         2    ###....
 Shroud of Golubria       Chrm/Tloc      #.....       95%         2    ###....
 Slow                     Hex            #.......     95%         2    ###....
 Song of Slaying          Chrm           #.......     95%         2    ###....
 Sublimation of Blood     Necr           #.........   95%         2    ###....
 Swiftness                Chrm/Air       #.......     95%         2    ###....
 Throw Flame              Conj/Fire      #.....       95%         2    ###....
 Call Canine Familiar     Summ           #.......     99%         3    ####...
 Confuse                  Hex            #.......     99%         3    ####...
 Conjure Flame            Conj/Fire      #.......     99%         3    ####...
 Dazzling Spray           Conj/Hex       #.....       99%         3    ####...
 Gell's Gravitas          Tloc           #.........   99%         3    ####...
 Ignite Poison            Fire/Tmut/Pois #.......     99%         3    ####...
 Inner Flame              Hex/Fire       #.......     99%         3    ####...
 Lesser Beckoning         Tloc           #.........   99%         3    ####...
 Mephitic Cloud           Conj/Pois/Air  #.......     99%         3    ####...
 Portal Projectile        Hex/Tloc       #.....       99%         3    ####...
 Recall                   Summ/Tloc      N/A          99%         3    ####...
 Regeneration             Chrm/Necr      #.........   99%         3    ####...
 Spectral Weapon          Hex/Chrm       #.......     99%         3    ####...
 Static Discharge         Conj/Air       #.......     99%         3    ####...
 Stone Arrow              Conj/Erth      #.....       99%         3    ####...
 Teleport Other           Tloc           #.......     99%         3    ####...
 Tukima's Dance           Hex            #.......     99%         3    ####...
 Vampiric Draining        Necr           #.........   99%         3    ####...
 Airstrike                Air            #.........   100%        4    #####..
 Animate Dead             Necr           N/A          100%        4    #####..
 Cause Fear               Hex            #.........   100%        4    #####..
 Force Lance              Conj/Tloc      #.......     100%        4    #####..
 Fulminant Prism          Conj/Hex       #.........   100%        4    #####..
 Ice Form                 Ice/Tmut       #.......     100%        4    #####..
 Iskenderun's Mystic Bla  Conj           #.......     100%        4    #####..
 Leda's Liquefaction      Hex/Erth       #.........   100%        4    #####..
 Olgreb's Toxic Radiance  Pois           #.......     100%        4    #####..
 Petrify                  Tmut/Erth      #.......     100%        4    #####..
 Sticky Flame             Conj/Fire      #.......     100%        4    #####..
 Summon Ice Beast         Ice/Summ       #.......     100%        4    #####..
 Agony                    Necr           #.......     100%        5    ######.
 Alistair's Intoxication  Tmut/Pois      #.......     100%        5    ######.
 Bolt of Draining         Conj/Necr      #.........   100%        5    ######.
 Borgnjor's Vile Clutch   Necr/Erth      #.........   100%        5    ######.
 Dispel Undead            Necr           #.......     100%        5    ######.
 Excruciating Wounds      Chrm/Necr      #.........   100%        5    ######.
 Fireball                 Conj/Fire      #.........   100%        5    ######.
 Irradiate                Conj/Tmut      #.........   100%        5    ######.
 Lightning Bolt           Conj/Air       #.........   100%        5    ######.
 Metabolic Englaciation   Hex/Ice        #.........   100%        5    ######.
 Silence                  Hex/Air        #.........   100%        5    ######.
 Summon Forest            Summ/Tloc      #.........   100%        5    ######.
 Summon Mana Viper        Hex/Summ       #.......     100%        5    ######.
 Yara's Violent Unravell  Hex/Tmut       #.........   100%        5    ######.
 Bolt of Cold             Conj/Ice       #.........   100%        6    #######
 Bolt of Fire             Conj/Fire      #.........   100%        6    #######
 Deflect Missiles         Chrm/Air       #.........   100%        6    #######
 Dispersal                Tloc           #.........   100%        6    #######
 Freezing Cloud           Conj/Ice/Air   #.........   100%        6    #######
 Hydra Form               Tmut           #.........   100%        6    #######
 Invisibility             Hex            #.......     100%        6    #######
 Ozocubu's Refrigeration  Ice            #.........   100%        6    #######
 Simulacrum               Ice/Necr       #.........   100%        6    #######
 Statue Form              Tmut/Erth      #........    100%        6    #######
 Dragon Form              Tmut           #.........   100%        7    #######
 Ring of Flames           Chrm/Fire      #.........   100%        7    #######
 Summon Hydra             Summ           #.........   100%        7    #######
 Controlled Blink         Tloc           N/A          100%        8    #######
 Discord                  Hex            #.........   100%        8    #######
 Disjunction              Tloc           #.........   100%        8    #######
 Ignition                 Fire           #.........   100%        8    #######
 Infestation              Necr           #.........   100%        8    #######
 Shatter                  Erth           #.........   100%        9    #######
 Tornado                  Air            #.........   100%        9    #######
 Passage of Golubria      Tloc           Unusable     N/A         4    N/A

Dungeon Overview and Level Annotations

Branches:
Dungeon (15/15)            Temple (1/1) D:7            Lair (6/6) D:9
  Swamp (4/4) Lair:4        Snake (4/4) Lair:3        Slime (5/5) Lair:5
    Orc (2/2) D:11            Elf (3/3) Orc:2        Vaults (5/5) D:14
  Crypt (3/3) Vaults:2       Tomb (0/3) Crypt:3      Depths (5/5) D:15
    Zot (5/5) Depths:5     WizLab (visited)         Desolation (visited)
Gauntlet (visited)

Altars:
Ashenzari
Cheibriados
Elyvilon
Fedhas
Gozag
Makhleb
Nemelex Xobeh
Okawaru
Qazlal
Ru
Sif Muna
Trog
Uskayaw
Wu Jian
Xom
Yredelemnul
Zin
Beogh
Jiyva
Lugonu

Shops:
D:7 }   D:9 [[   D:11 [   D:13 (   Orc:1 [   Orc:2 *:[*(   Lair:1 [
Swamp:1 [?   Snake:1 =   Snake:4 =   Vaults:2 ?   Vaults:4 *   Vaults:5 (?
Depths:4 (}

Portals:
Hell: Depths:1 Depths:2 Depths:3 Depths:4 Depths:5
Abyss: Depths:3 Depths:4
Pandemonium: Depths:3 Depths:5
Ziggurat: Depths:2

Annotations:
D:11 2 exclusions
Lair:6 exclusion: 5 oklob plants
Elf:2 3 runed translucent doors
Elf:3 1 exclusion
Crypt:3 exclusion: door
Depths:1 2 transporters, Vohep Ceowa's ghost, veteran FoFi


Innate Abilities, Weirdness & Mutations

You have a pair of large horns on your head.
You are completely covered in rugged brown scales. (AC +3, +7% HP)
You are completely attuned to the shadows.
You are powered by pain.
You are extremely robust. (+30% HP)
You have a beak for a mouth.
You have sharp toenails.
Your magical capacity is low. (-10% MP)
You are somewhat resistant to further mutation.
[Your body sometimes deteriorates upon taking damage.]


Message History

Where to? (Enter - D:1, ? - help)
There is a stone staircase leading up here.
You climb upwards.
There is a stone staircase leading down here.
Unknown command.
Evoke which item? (* to show all) (? for menu, Esc to quit)
Aiming: Dig
Press: ? - help, Shift-Dir - straight line A rock wall.
This square is covered in magical glow.
The rock shatters into small pieces.
Evoke which item? (* to show all) (? for menu, Esc to quit)
Aiming: Dig
Press: ? - help, Shift-Dir - straight line A rock wall.
This square is covered in magical glow.
The rock shatters into small pieces.
There is a staircase leading out of the dungeon here.
You can't go down here!
You have escaped!

######.....# #.#
..####.#.#.# #.#
.......#.#.##########.#
......................#
...........##########.#
...........≈≈≈≈≈≈≈≈##.#
#........≈≈≈≈≈≈≈####..#
#≈≈≈≈≈..≈≈≈≈........#.#
#≈≈≈≈≈≈≈≈...^...@X..≈≈##
#...≈≈≈≈.........X.≈≈≈≈#
.................≈≈≈≈≈≈#
........≈≈≈≈≈≈≈≈≈≈≈≈≈≈≈#
......≈≈≈≈≈≈≈≈≈≈≈≈≈≈≈≈.#
#.≈≈≈≈≈≈≈≈≈≈≈≈≈≈≈....(.#
#≈≈≈≈≈≈≈≈............(.#
#≈≈...................>#
#######################


You could see 2 friendly Orb Guardians.

Vanquished Creatures
  the Royal Jelly (Slime:5)
  Mara (Swamp:3)
  Mennas (Vaults:3)
  5 ancient liches
  The ghost of wampuh the Warrior, a master GnWn of the Shining One (Depths:5)
  Boris (twice) (Vaults:2 Vaults:3)
  2 Killer Klowns (Zot:5)
  Bai Suzhen (Swamp:4)
  Margery (Crypt:1)
  A caustic shrike (Depths:2)
  3 curse toes
  13 golden dragons
  Nikola (Snake:2)
  2 electric golems
  Jorgrun (Elf:1)
  2 deep elf blademasters (Elf:3)
  11 Orb Guardians
  3 titans (Vaults:5)
  12 tentacled monstrosities
  2 quicksilver dragons
  3 liches
  12 acid blobs
  A deep elf master archer (Elf:3)
  3 death cobs
  4 tengu reavers
  2 sphinxes
  Agnes (Elf:1)
  11 shadow dragons
  Roxanne (Snake:2)
  5 draconian monks
  4 ancient champions
  3 thorn hunters
  11 fire giants
  Donald (Snake:3)
  An azure jelly (shapeshifter) (Vaults:5)
  11 storm dragons
  2 azure jellies
  7 nagarajas
  5 revenants
  17 vault wardens
  Louise (Snake:2)
  A cacodemon (Depths:4)
  4 imperial myrmidons (Desolation)
  8 deep elf sorcerers
  Aizul (Vaults:3)
  12 frost giants
  5 ghost moths
  5 deep elf elementalists (Elf:3)
  4 draconian knights
  8 draconian shifters
  2 caustic shrike zombies
  4 draconian scorchers
  A curse skull (Crypt:3)
  8 draconian stormcallers
  3 draconian annihilators
  7 ghouls
  2 spriggan defenders (Depths:3)
  2 reapers
  A caustic shrike skeleton (Depths:3)
  A war gargoyle (Vaults:3)
  5 vampire knights
  18 stone giants
  40 very ugly things
  3 entropy weavers
  13 green draconians
  13 ironheart preservers
  A corrupter (Depths:4)
  7 black draconians
  7 deep elf demonologists
  5 dire elephants (Depths:4)
  9 deep elf annihilators
  9 red draconians
  An orange crystal statue (WizLab)
  A minotaur (Gauntlet)
  2 pale draconians (Depths:5)
  6 purple draconians
  12 yellow draconians
  A spark wasp (Depths:2)
  14 white draconians
  10 ettins
  A spark wasp (shapeshifter) (Depths:3)
  18 jiangshi
  A blizzard demon (Depths:5)
  8 deep elf death magi
  4 crystal guardians
  2 green deaths
  13 fire dragons
  4 spectral quicksilver dragons (Crypt:3)
  6 death oozes
  The ghost of Seifer the Fencer, a journeyman MfGl of the Shining One (Lair:2)
  7 eidola (Crypt:3)
  6 servants of whispers (Desolation)
  11 deep elf high priests
  17 yaktaur captains
  6 great orbs of eyes
  Harold (D:11)
  7 ragged hierophants (Desolation)
  A spectral shadow dragon (Crypt:3)
  23 vault guards
  7 rakshasas
  A hell beast (Depths:2)
  27 hydras
  12 ice dragons
  5 shambling mangroves
  6 spriggan air magi
  13 naga warriors
  5 anacondas
  Erica (D:8)
  2 caustic shrike simulacra (Depths:5)
  A catoblepas (Lair:2)
  9 centaur warriors
  8 peacekeepers (Desolation)
  14 alligators
  A queen ant (Depths:5)
  5 tengu warriors
  36 two-headed ogres
  A death yak (D:12)
  4 death knights
  5 deep troll shamans
  A spectral fire giant (Crypt:3)
  10 vampire magi
  14 naga sharpshooters
  13 ogre magi
  3 hell hogs (Abyss:3)
  7 deep troll earth magi
  A titan zombie (Depths:3)
  An orc high priest (Orc:1)
  A spectral dire elephant (Crypt:3)
  23 deep elf knights
  5 thrashing horrors (Abyss:3)
  5 spriggan berserkers
  3 spectral storm dragons (Crypt:3)
  3 soul eaters
  A storm dragon zombie (Crypt:2)
  Nergalle (Orc:1)
  4 shock serpents
  A titan skeleton (Abyss:3)
  A wretched star (Abyss:3)
  6 hell knights (Crypt:1)
  An iron troll (D:15)
  2 sixfirhies
  2 spriggan druids (Swamp:3)
  A salamander mystic (Snake:4)
  A storm dragon skeleton (Vaults:2)
  12 skeletal warriors
  A spatial maelstrom (Abyss:3)
  8 shadow wraiths
  2 unseen horrors (shapeshifter)
  2 spectral iron dragons (Crypt:3)
  9 flayed ghosts
  A swamp dragon (shapeshifter) (Vaults:5)
  3 unseen horrors
  4 glowing orange brains
  5 naga ritualists
  8 swamp dragons
  A sea snake (shapeshifter) (D:14)
  A torturous demonspawn (Depths:4)
  7 wizards
  25 deep trolls
  16 ironbrand convokers
  12 orc knights
  68 deep elf magi
  5 necromancers
  2 anaconda skeletons
  20 deep elf archers
  5 harpies (Vaults:5)
  3 orc sorcerers
  A lindwurm (Lair:6)
  A golden dragon skeleton (Crypt:3)
  15 phantasmal warriors
  Pikel (D:8)
  7 mana vipers
  A harpy (shapeshifter) (Depths:1)
  2 shining eyes
  14 cyclopes
  A manticore (Vaults:5)
  6 wolf spiders
  A frost giant skeleton (Crypt:1)
  6 salamanders
  A sphinx skeleton (Depths:2)
  A worldbinder (Abyss:3)
  2 spectral ice dragons (Crypt:3)
  19 moths of wrath
  A guardian serpent (shapeshifter) (D:15)
  A salamander (shapeshifter) (Zot:4)
  3 centaur zombies
  37 ugly things
  Maurice (D:8)
  14 elephants
  7 guardian serpents
  A rust devil (Depths:2)
  A black mamba (shapeshifter) (Vaults:2)
  A spectral shock serpent (Crypt:3)
  35 black mambas
  32 naga magi
  A dire elephant zombie (Crypt:1)
  18 vault sentinels
  2 gargoyles
  A stone giant skeleton (Abyss:3)
  A torpor snail (shapeshifter) (Depths:1)
  A molten gargoyle (Desolation)
  20 spiny frogs
  An eye of devastation (Slime:5)
  10 komodo dragons
  3 orange demons
  A spiny frog (shapeshifter) (Vaults:1)
  A titan simulacrum (Depths:5)
  A yaktaur zombie (Vaults:2)
  6 torpor snails
  A komodo dragon (shapeshifter) (Vaults:1)
  2 efreet
  60 yaktaurs
  22 freezing wraiths
  3 rime drakes
  A catoblepas skeleton (Crypt:3)
  3 tengu conjurers
  A tormentor (Depths:3)
  A red devil (Depths:2)
  A hellwing (Depths:3)
  A golden dragon simulacrum (Depths:5)
  2 ice devils
  8 trolls
  2 queen bees (shapeshifter)
  A polar bear (shapeshifter) (Vaults:5)
  A spectral harpy (Crypt:3)
  A troll (shapeshifter) (Vaults:5)
  9 tyrant leeches
  2 meliai (shapeshifter) (D:14)
  2 harpy skeletons (Crypt:3)
  3 meliai
  5 polar bears
  A jumping spider (D:14)
  A tarantella zombie (Crypt:2)
  Prince Ribbit (D:8)
  7 bog bodies
  5 large abominations
  32 hornets
  67 slime creatures
  A spectral manticore (Crypt:3)
  A sphinx simulacrum (Depths:5)
  9 blink frogs
  53 saltlings (Desolation)
  3 dream sheep
  A raiju (shapeshifter) (Depths:1)
  4 raiju (Abyss:3)
  A snapping turtle (Vaults:4)
  A fire dragon zombie (Abyss:3)
  A guardian serpent skeleton (Crypt:2)
  2 centaur simulacra (D:12)
  12 hippogriffs
  A meliai zombie (D:14)
  4 air elementals
  Sigmund (D:4)
  13 spriggans
  14 flying skulls
  2 ynoxinuls (Depths:3)
  2 tarantellas
  54 yaks
  4 shadows
  Grum (D:8)
  6 water elementals
  11 wraiths
  9 redbacks
  An alligator skeleton (Crypt:1)
  A dire elephant simulacrum (Crypt:3)
  3 steam dragons (Depths:5)
  A fire bat (Abyss:3)
  3 fire elementals
  A spectral elf (Crypt:3)
  6 basilisks
  18 wyverns
  2 hogs (shapeshifter)
  A human (shapeshifter) (Vaults:3)
  A golden eye (shapeshifter) (Depths:3)
  6 golden eyes (Slime:2)
  2 hungry ghosts (D:14)
  A neqoxec (Abyss:3)
  4 wargs
  Edmund (D:6)
  26 vampire mosquitoes
  A two-headed ogre zombie (Crypt:3)
  6 acid dragons
  12 insubstantial wisps
  A swamp worm (shapeshifter) (Depths:3)
  67 nagas
  18 swamp worms
  23 water moccasins
  3 hell hounds (Abyss:3)
  A deep troll skeleton (Crypt:1)
  14 porcupines
  A porcupine (shapeshifter) (D:13)
  A spectral troll (Crypt:3)
  A floating eye (Depths:4)
  2 small abominations (Abyss:3)
  10 swamp drakes
  4 ice beasts
  3 black bears
  A human zombie (Vaults:2)
  37 ogres
  5 sky beasts
  5 necrophages
  41 orc warriors
  A black mamba simulacrum (Crypt:3)
  2 phantoms
  An ice dragon simulacrum (Crypt:3)
  2 eyes of draining
  11 boggarts
  28 wolves
  A crocodile (shapeshifter) (Abyss:3)
  15 crocodiles
  32 centaurs
  2 elephant skeletons (Crypt:1)
  2 big kobolds (D:8)
  An elf zombie (Crypt:1)
  A spectral human (Crypt:3)
  5 gnoll sergeants (D:11)
  22 bullfrogs
  2 human skeletons (Vaults:2)
  A yaktaur skeleton (Crypt:3)
  2 earth elementals (Elf:3)
  A glowing shapeshifter simulacrum (Depths:3)
  A water moccasin zombie (D:9)
  6 scorpions
  6 killer bees (D:11)
  A snapping turtle simulacrum (Crypt:3)
  3 electric eels (D:12)
  4 crimson imps
  3 bullfrog zombies
  9 starcursed masses (Abyss:3)
  A black bear zombie (Crypt:2)
  4 hounds
  2 quasits
  4 jellies
  A basilisk zombie (Crypt:3)
  3 bullfrog skeletons
  7 centaur skeletons
  18 orc priests
  23 orc wizards
  4 gnoll shamans
  2 iguanas
  9 worker ants
  6 hell rats (Lair:5)
  A killer bee zombie (Crypt:2)
  2 tengu simulacra
  A bullfrog simulacrum (D:12)
  2 hound zombies
  An acid dragon skeleton (Crypt:2)
  A hound skeleton (D:5)
  A howler monkey zombie (Crypt:1)
  16 adders
  50 gnolls
  A howler monkey skeleton (D:7)
  A shadow imp (D:6)
  6 white imps
  4 ufetubi
  An adder zombie (D:8)
  A halfling skeleton (Crypt:2)
  4 worms
  3 dart slugs
  4 leopard geckos
  104 orcs
  8 bats
  A bat zombie (Crypt:3)
  6 giant cockroaches
  10 hobgoblins
  20 jackals
  6 quokkas
  A ball python zombie (Crypt:2)
  7 frilled lizards
  A frilled lizard skeleton (Crypt:1)
  A gnoll skeleton (Crypt:1)
  16 goblins
  A goblin skeleton (Crypt:1)
  A hobgoblin skeleton (Crypt:3)
  A jackal skeleton (D:4)
  12 kobolds
  4 leopard gecko skeletons
  A quokka zombie (D:8)
  6 rats
  2 rat skeletons
  2 fungi
  A lurking horror (Abyss:3)
2692 creatures vanquished.

Vanquished Creatures (collateral kills)
  An ancient lich (Zot:5)
  4 Killer Klowns (Zot:5)
  9 Orb Guardians (Zot:5)
  A titan (Vaults:5)
  A shadow dragon (Vaults:5)
  2 deep elf sorcerers
  2 vault guards (Vaults:5)
  An alligator snapping turtle (Zot:5)
  A dancing weapon (Vaults:5)
  A yaktaur (Depths:2)
23 creatures vanquished.

Vanquished Creatures (others)
  2 Killer Klowns (Zot:5)
  A curse toe (Zot:5)
  2 Orb Guardians (Zot:5)
  A storm dragon (Zot:5)
  A draconian knight (Zot:2)
  A very ugly thing (Zot:2)
  A stone giant (Vaults:5)
  19 dancing weapons
  An iron troll (Depths:5)
  A deep troll (Depths:1)
  A deep elf mage (Elf:3)
  A molten gargoyle (Desolation)
  A spiny frog (Lair:5)
  A yaktaur (Depths:2)
  A large abomination (Abyss:3)
  A spatial vortex (Depths:2)
  An orc warrior (Vaults:3)
  A swamp drake (Swamp:4)
  An adder (D:8)
  4 kobolds (D:8)
  A butterfly (Lair:5)
  60 fungi
  91 plants
  4 withered plants (Gauntlet)
199 creatures vanquished.

Grand Total: 2914 creatures vanquished

Notes
Turn   | Place    | Note
-------+----------+-------------------------------------------
     0 | D:1      | CabbageHands the Demonspawn Gladiator began the quest for
                  | the Orb.
     0 | D:1      | Reached XP level 1. HP: 16/16 MP: 1/1
   160 | D:1      | Gained mutation: You have a pair of small horns on your
                  | head. [demonic ancestry]
   160 | D:1      | Reached XP level 2. HP: 5/22 MP: 2/2
   451 | D:1      | Reached skill level 1 in Armour
   698 | D:1      | Gained mutation: You are slightly more attuned to the
                  | shadows. [demonic ancestry]
   698 | D:1      | Reached XP level 3. HP: 26/27 MP: 3/3
  1288 | D:2      | Reached XP level 4. HP: 22/33 MP: 4/4
  2806 | D:3      | Gained mutation: You sometimes gain a little power by
                  | taking damage. [demonic ancestry]
  2806 | D:3      | Reached XP level 5. HP: 34/38 MP: 5/5
  3745 | D:3      | Reached skill level 5 in Staves
  4113 | D:2      | Reached XP level 6. HP: 36/44 MP: 4/6
  4948 | D:2      | Reached XP level 7. HP: 12/50 MP: 2/7
  5921 | D:4      | HP: 2/50 [ogre/+0 giant club (17)]
  6244 | D:4      | Noticed Sigmund
  6252 | D:4      | Killed Sigmund
  6252 | D:4      | Reached XP level 8. HP: 56/56 MP: 8/8
  6915 | D:4      | Reached skill level 5 in Armour
  7429 | D:5      | Entered Level 5 of the Dungeon
  8515 | D:6      | Gained mutation: You are significantly more attuned to the
                  | shadows. [demonic ancestry]
  8515 | D:6      | Reached XP level 9. HP: 42/61 MP: 6/9
  8902 | D:6      | Found a shattered altar of Ashenzari.
  9003 | D:6      | Noticed Edmund
  9022 | D:6      | Killed Edmund
  9815 | D:7      | Found a basalt altar of Yredelemnul.
  9837 | D:7      | Reached skill level 10 in Staves
 10066 | D:7      | Found a staircase to the Ecumenical Temple.
 10089 | Temple   | Entered the Ecumenical Temple
 10114 | Temple   | Became a worshipper of Gozag Ym Sagoz the Greedy
 10329 | D:7      | Found Zekkoise's Gadget Shoppe.
 10630 | D:8      | Noticed Grum
 10752 | D:8      | Noticed Maurice
 10974 | D:8      | Gained mutation: You sometimes gain power by taking damage.
                  | [demonic ancestry]
 10974 | D:8      | Reached XP level 10. HP: 37/67 MP: 6/10
 10985 | D:8      | Killed Maurice
 10992 | D:8      | Killed Grum
 11050 | D:8      | Noticed Prince Ribbit
 11054 | D:8      | Noticed Erica
 11075 | D:8      | Killed Prince Ribbit
 11079 | D:8      | Killed Erica
 11145 | D:8      | Found an iron altar of Okawaru.
 11192 | D:8      | Noticed Pikel
 11203 | D:8      | Found a sacrificial altar of Ru.
 11203 | D:8      | Found a burning altar of Makhleb.
 11223 | D:8      | Killed Pikel
 11426 | D:8      | Found a white marble altar of Elyvilon.
 11598 | D:8      | Found a glowing silver altar of Zin.
 11610 | D:8      | Found a snail-covered altar of Cheibriados.
 11837 | D:9      | Noticed a two-headed ogre
 11848 | D:9      | Killed a two-headed ogre
 11848 | D:9      | Reached skill level 5 in Dodging
 12321 | D:9      | Gained mutation: You are powered by pain. [demonic
                  | ancestry]
 12321 | D:9      | Reached XP level 11. HP: 26/72 MP: 2/11
 12691 | D:9      | Found an iron altar of Okawaru.
 12869 | D:9      | Found a staircase to the Lair.
 12985 | D:10     | Entered Level 10 of the Dungeon
 13052 | D:10     | Found a stormy altar of Qazlal.
 13122 | D:10     | Noticed a two-headed ogre
 13132 | D:10     | Killed a two-headed ogre
 13355 | D:10     | Gained mutation: Your spells are a little harder to cast,
                  | but a little more powerful. [potion of mutation]
 13355 | D:10     | Gained mutation: You have sharp toenails. [potion of
                  | mutation]
 13355 | D:10     | Gained mutation: You have a beak for a mouth. [potion of
                  | mutation]
 13355 | D:10     | Gained mutation: You are somewhat resistant to further
                  | mutation. [potion of mutation]
 13663 | D:10     | Got a distressingly furry scale mail
 14064 | Lair:1   | Entered Level 1 of the Lair of Beasts
 14103 | Lair:1   | Lost mutation: Your spells are a little harder to cast, but
                  | a little more powerful. [potion of mutation]
 14103 | Lair:1   | Lost mutation: You are somewhat resistant to further
                  | mutation. [potion of mutation]
 14103 | Lair:1   | Gained mutation: You are somewhat resistant to further
                  | mutation. [potion of mutation]
 14474 | Lair:1   | Reached skill level 5 in Fighting
 14893 | Lair:1   | Reached XP level 12. HP: 74/87 MP: 12/12
 14917 | Lair:1   | Identified the +2 scale mail "Zudem" {Str+2 Int-4 Dex+2}
                  | (You found it on level 10 of the Dungeon)
 15522 | Lair:1   | Bought a pair of warped boots for 199 gold pieces
 15522 | Lair:1   | Bought a crude cloak for 199 gold pieces
 15532 | Lair:1   | Identified the cursed +0 cloak of Failure {rPois Str+3}
                  | (You bought it in a shop on level 1 of the Lair of Beasts)
 15537 | Lair:1   | Identified the +2 pair of boots "Moffi" {+Blink Dex+2
                  | Stlth+} (You bought it in a shop on level 1 of the Lair of
                  | Beasts)
 15798 | Lair:2   | Noticed a catoblepas
 16142 | Lair:2   | Killed a catoblepas
 16327 | Lair:2   | Found a runed translucent gate.
 16327 | Lair:2   | Found a runed translucent gate.
 16327 | Lair:2   | Found a runed translucent gate.
 16331 | Lair:2   | Noticed Seifer's ghost (journeyman MfGl)
 17759 | Lair:3   | Found a staircase to the Snake Pit.
 18540 | Lair:4   | Noticed a four-headed hydra
 18540 | Lair:4   | Noticed an eight-headed hydra
 18940 | Lair:4   | Reached skill level 10 in Fighting
 19119 | Lair:4   | Gained mutation: You have a pair of horns on your head.
                  | [demonic ancestry]
 19119 | Lair:4   | Reached XP level 13. HP: 103/103 MP: 13/13
 19655 | Lair:4   | Found a staircase to the Swamp.
 20819 | Lair:5   | Found a viscous altar of Jiyva.
 20819 | Lair:5   | Found a staircase to the Slime Pits.
 20914 | Lair:6   | Entered Level 6 of the Lair of Beasts
 21001 | Lair:6   | Reached skill level 10 in Armour
 22263 | Lair:6   | Reached XP level 14. HP: 110/118 MP: 14/14
 22772 | Lair:6   | Found a blossoming altar of Fedhas.
 22901 | Lair:6   | Reached skill level 1 in Evocations
 23267 | Lair:6   | Found a runed translucent door.
 23744 | Lair:6   | Identified a scroll of acquirement
 23748 | Lair:6   | Got a pair of spiked boots
 23759 | Lair:6   | Identified the +0 pair of boots of Surprise {rCorr Str+2
                  | Int+2 Dex-4} (You acquired it on level 6 of the Lair of
                  | Beasts)
 24063 | D:9      | Bought the +1 cloak of Starlight {rElec rC+ EV+4 Stlth--}
                  | for 1513 gold pieces
 24063 | D:9      | Found the +1 cloak of Starlight {rElec rC+ EV+4 Stlth--}
 24265 | D:11     | Found a staircase to the Orcish Mines.
 24564 | D:11     | Found a gate leading to a gauntlet.
 24571 | Gauntlet | Entered a Gauntlet
 24571 | Gauntlet | Found a transporter.
 24580 | Gauntlet | Found a transporter.
 24582 | Gauntlet | Found a transporter.
 24599 | Gauntlet | Found a transporter.
 24600 | Gauntlet | Found a transporter.
 24610 | Gauntlet | Found a transporter.
 24625 | Gauntlet | Found a runed translucent door.
 24634 | Gauntlet | Found a transporter.
 24645 | Gauntlet | Found a transporter.
 24654 | Gauntlet | Found a transporter.
 24659 | Gauntlet | Found a transporter.
 24675 | Gauntlet | Found a transporter.
 24675 | Gauntlet | Found a transporter.
 24705 | Gauntlet | Found a transporter.
 24719 | Gauntlet | Found a transporter.
 25080 | Gauntlet | Got a pair of shimmering gloves
 25081 | Gauntlet | Identified the +0 pair of gloves of the Nine Allies {rF-
                  | MR+ Str+4 Dex+4} (You found it in a Gauntlet)
 25534 | D:11     | Noticed Harold
 25556 | D:11     | Killed Harold
 25836 | D:11     | Reached skill level 5 in Evocations
 27342 | Orc:1    | Entered Level 1 of the Orcish Mines
 27364 | Orc:1    | Gained mutation: You are partially covered in rugged brown
                  | scales. (AC +1, +3% HP) [demonic ancestry]
 27364 | Orc:1    | Reached XP level 15. HP: 111/127 MP: 16/18
 27564 | D:11     | Reached skill level 10 in Dodging
 27916 | Orc:1    | Noticed Nergalle
 27922 | Orc:1    | Killed Nergalle
 27955 | Orc:1    | Found Qaowielu's Armour Shoppe.
 28067 | Orc:2    | Entered Level 2 of the Orcish Mines
 28121 | Orc:1    | Found a roughly hewn altar of Beogh.
 28724 | Orc:2    | Found Atuoff's Book Shop.
 28795 | Orc:2    | Found a roughly hewn altar of Beogh.
 28851 | Orc:2    | Found Yloixi's Antique Weapon Shoppe.
 28994 | Orc:2    | Found a staircase to the Elven Halls.
 29002 | Orc:2    | Found Siromme's General Store.
 29009 | Orc:2    | Bought a scroll of teleportation for 45 gold pieces
 29101 | Orc:2    | Found Luaru's Antique Armour Emporium.
 29319 | Orc:2    | Found Uwni's General Store.
 29775 | D:11     | Bought a smoking plate armour for 672 gold pieces
 29775 | D:11     | Bought a steaming plate armour for 672 gold pieces
 29818 | Orc:2    | Bought a scroll of identify for 28 gold pieces
 29818 | Orc:2    | Identified the +6 plate armour of Whack-A-Mole {*Drain rF-
                  | MR+++ Slay+4} (You bought it in a shop on level 11 of the
                  | Dungeon)
 29829 | Orc:2    | Identified the +1 plate armour of Lucidity {Stlth+} (You
                  | bought it in a shop on level 11 of the Dungeon)
 29989 | D:13     | Found Niqurch's Weapon Shoppe.
 30179 | D:13     | Reached skill level 5 in Throwing
 31535 | D:14     | Found an iron altar of Okawaru.
 31666 | D:14     | Found a gate to the Vaults.
 32375 | D:15     | Entered Level 15 of the Dungeon
 32657 | D:14     | Reached skill level 15 in Fighting
 32922 | D:15     | Found an iron altar of Okawaru.
 32989 | D:15     | Gained mutation: You are completely attuned to the shadows.
                  | [demonic ancestry]
 32989 | D:15     | Reached XP level 16. HP: 20/140 MP: 17/19
 33353 | D:15     | Found a staircase to the Depths.
 34417 | Swamp:1  | Entered Level 1 of the Swamp
 35122 | Swamp:1  | Bought a scroll of identify for 26 gold pieces
 35122 | Swamp:1  | Bought a scroll of holy word for 97 gold pieces
 35122 | Swamp:1  | Bought a scroll of teleportation for 39 gold pieces
 35122 | Swamp:1  | Bought a scroll of teleportation for 39 gold pieces
 35122 | Swamp:1  | Bought a scroll of identify for 26 gold pieces
 35122 | Swamp:1  | Bought a scroll of identify for 26 gold pieces
 35122 | Swamp:1  | Bought a scroll of enchant armour for 97 gold pieces
 35122 | Swamp:1  | Bought a scroll of identify for 26 gold pieces
 35122 | Swamp:1  | Bought a scroll of identify for 26 gold pieces
 35122 | Swamp:1  | Bought a scroll of identify for 26 gold pieces
 35122 | Swamp:1  | Bought a scroll of fog for 26 gold pieces
 37370 | Swamp:4  | Entered Level 4 of the Swamp
 37996 | Swamp:4  | Noticed Mara
 38003 | Swamp:4  | Noticed a thorn hunter
 38015 | Swamp:3  | Killed a thorn hunter
 38121 | Swamp:4  | Noticed CabbageHands's illusion
 38135 | Swamp:3  | Killed Mara
 38728 | Swamp:3  | Reached XP level 17. HP: 115/148 MP: 16/20
 39080 | Swamp:4  | Paralysed by a hornet for 3 turns
 39714 | Swamp:4  | Got a decaying rune of Zot
 39993 | Swamp:4  | Noticed Bai Suzhen
 40030 | Swamp:4  | Killed Bai Suzhen
 40519 | Snake:1  | Entered Level 1 of the Snake Pit
 41279 | Snake:1  | Found an ornate altar of the Wu Jian Council.
 42291 | Snake:2  | Noticed Roxanne
 42507 | Snake:2  | Found a sacrificial altar of Ru.
 43025 | Snake:2  | Noticed Nikola
 43036 | Snake:2  | Killed Nikola
 43436 | Snake:2  | Killed Roxanne
 43622 | Snake:3  | Noticed Louise
 43750 | Snake:3  | Cast into level 3 of the Abyss (Louise)
 43836 | Abyss:3  | Reached XP level 18. HP: 77/155 MP: 14/21
 44214 | Snake:3  | Escaped the Abyss
 44225 | Snake:2  | Reached skill level 15 in Armour
 44644 | Snake:2  | Killed Louise
 44795 | Snake:3  | Reached skill level 15 in Dodging
 46076 | Snake:4  | Entered Level 4 of the Snake Pit
 46360 | Snake:4  | Noticed Donald
 46380 | Snake:3  | Killed Donald
 47609 | Snake:4  | Bought the ring "Ysugugeost" {rF+ MR+ Dex+7} for 889 gold
                  | pieces
 47609 | Snake:4  | Bought the amulet of Mimeoj {Reflect rElec Str+3 SH+2
                  | Stlth+} for 520 gold pieces
 47832 | Snake:4  | Got a serpentine rune of Zot
 48989 | Elf:1    | Entered Level 1 of the Elven Halls
 49225 | Vaults:1 | Entered Level 1 of the Vaults
 49452 | Vaults:1 | Gained mutation: You are mostly covered in rugged brown
                  | scales. (AC +2, +5% HP) [demonic ancestry]
 49452 | Vaults:1 | Reached XP level 19. HP: 127/169 MP: 22/22
 50304 | Vaults:1 | Reached skill level 10 in Throwing
 52495 | Vaults:2 | Found a ruined gateway.
 52501 | Desolati | Entered the Desolation of Salt
 52764 | Desolati | Got a glittering silver ring
 52765 | Desolati | Identified the ring "Inwypi" {rCorr Int+4 Dex+3} (You found
                  | it in the Desolation of Salt)
 53170 | Desolati | Identified the +4 large shield "Atoip" {Str+6 Dex+2} (You
                  | found it in the Desolation of Salt)
 53171 | Desolati | Identified the Incunabulum of Hurtful Stones
 53181 | Desolati | Identified the Volume of Enhancements and Beguiling
 53183 | Desolati | Identified the Disquisition on Fetching Fire
 53636 | Desolati | Identified the +0 lajatang of Pride {antimagic, Int+10}
                  | (You found it in the Desolation of Salt)
 53637 | Desolati | Identified the Incunabulum of Conjuration
 54208 | Desolati | Gained mutation: You are robust. (+10% HP) [demonic
                  | ancestry]
 54208 | Desolati | Reached XP level 20. HP: 175/200 MP: 23/23
 54866 | Vaults:2 | Bought a scroll of brand weapon for 220 gold pieces
 55019 | Vaults:2 | Found a staircase to the Crypt.
 55322 | Vaults:2 | Identified the +9 long sword "Ynaitreo" {slice, Dex+2}
 55470 | Vaults:2 | Bought a scroll of brand weapon for 220 gold pieces
 55470 | Vaults:2 | Bought a scroll of teleportation for 33 gold pieces
 55470 | Vaults:2 | Bought a scroll of blinking for 82 gold pieces
 55470 | Vaults:2 | Bought a scroll of blinking for 82 gold pieces
 56069 | Vaults:2 | Noticed Boris
 56083 | Vaults:2 | Killed Boris
 57587 | Vaults:3 | Noticed Mennas
 57589 | Vaults:3 | Gained mutation: You have a pair of large horns on your
                  | head. [demonic ancestry]
 57589 | Vaults:3 | Reached XP level 21. HP: 176/213 MP: 24/24
 57607 | Vaults:3 | Noticed Boris
 57609 | Vaults:3 | Killed Mennas
 57616 | Vaults:3 | Killed Boris
 57774 | Vaults:3 | Noticed Aizul
 57786 | Vaults:3 | Killed Aizul
 58799 | Vaults:4 | Found Hojub's General Store.
 58804 | Vaults:4 | Bought a potion of curing for 45 gold pieces
 58804 | Vaults:4 | Bought a potion of curing for 45 gold pieces
 60596 | Elf:1    | Noticed Agnes
 60607 | Elf:1    | Killed Agnes
 61112 | Elf:1    | Noticed Jorgrun
 61122 | Elf:1    | Killed Jorgrun
 61483 | Elf:1    | Identified the +1 pair of gloves of Limited Liability
                  | {Int+6} (You found it on level 1 of the Elven Halls)
 61791 | Elf:2    | Found a runed translucent gate.
 61792 | Elf:2    | Found a runed translucent gate.
 61793 | Elf:2    | Found a runed translucent gate.
 62247 | Elf:3    | Entered Level 3 of the Elven Halls
 62533 | Elf:3    | Gained mutation: You are very robust. (+20% HP) [demonic
                  | ancestry]
 62533 | Elf:3    | Reached XP level 22. HP: 211/243 MP: 28/28
 62981 | Elf:3    | Gained mutation: Your magical capacity is low. (-10% MP) [a
                  | cacodemon]
 63100 | Elf:3    | Identified the +2 great mace of Hoalah {crush, -Tele +Fly
                  | rElec rN+}
 63126 | Elf:3    | Identified the ring "Eqeitebb" {rPois rN+ Dex+4 Slay+6}
 63131 | Elf:3    | Identified the cursed +1 hand axe of the Old World {vamp,
                  | rPois Stlth+}
 63669 | Elf:3    | Got a fine lead amulet
 63670 | Elf:3    | Identified the amulet of Furera {Inacc Dex+2 SInv Stlth-}
                  | (You found it on level 3 of the Elven Halls)
 64134 | Snake:4  | Bought the ring "Cekk" {rPois rN++ Int-2 SInv} for 552 gold
                  | pieces
 64301 | Lair:2   | Killed Seifer's ghost
 64492 | Depths:1 | Entered Level 1 of the Depths
 64813 | Depths:1 | Reached skill level 10 in Evocations
 65322 | Depths:1 | Found a gateway to Hell.
 65391 | Depths:1 | Identified the +1 scale mail "Keoramagg" {*Drain rF+ Regen+
                  | rCorr} (You found it on level 1 of the Depths)
 65577 | Depths:1 | Found a transporter.
 65578 | Depths:1 | Noticed a caustic shrike
 65579 | Depths:1 | Noticed a golden dragon
 65585 | Depths:1 | Noticed Vohep Ceowa's ghost (veteran FoFi)
 65596 | Depths:1 | Found a transporter.
 66490 | Depths:2 | Found a gateway to a ziggurat.
 66574 | Depths:2 | Noticed a caustic shrike
 66587 | Depths:2 | Killed a caustic shrike
 66665 | Depths:2 | Gained mutation: You are extremely robust. (+30% HP)
                  | [demonic ancestry]
 66665 | Depths:2 | Reached XP level 23. HP: 83/274 MP: 27/27
 69324 | Depths:3 | Found a one-way gate to the infinite horrors of the Abyss.
 69491 | Depths:3 | Found a one-way gate leading to the halls of Pandemonium.
 69995 | Depths:4 | Found Rargh's Weapon Boutique.
 70002 | Depths:4 | Found Efeunn's Gadget Shop.
 70039 | Depths:4 | Bought a wand of digging (4) for 288 gold pieces
 70185 | Depths:4 | Found a corrupted altar of Lugonu.
 70482 | Depths:5 | Entered Level 5 of the Depths
 71010 | Depths:5 | Found a gate to the Realm of Zot.
 71141 | Depths:5 | Found a runed translucent gate.
 71141 | Depths:5 | Found a runed translucent gate.
 71142 | Depths:5 | Found a runed translucent gate.
 71511 | Depths:5 | Reached XP level 24. HP: 275/288 MP: 27/27
 71765 | Depths:5 | Noticed wampuh's ghost (master GnWn)
 71887 | Depths:5 | Identified the ring "Xunguv" {Fire Str+4}
 72002 | Depths:5 | Killed wampuh's ghost
 72046 | Depths:5 | Identified the Handbook of Warped Protection
 72048 | Depths:5 | Identified Jeophak's Handbook of Clay and Malediction
 72374 | Crypt:1  | Entered Level 1 of the Crypt
 72656 | Crypt:1  | Noticed Margery
 72663 | Crypt:1  | Killed Margery
 73571 | Crypt:2  | Found a magical portal.
 73817 | WizLab   | Found the +9 staff of Wucad Mu {channel}
 73870 | WizLab   | Reached XP level 25. HP: 301/301 MP: 27/27
 75093 | Crypt:3  | Entered Level 3 of the Crypt
 75635 | Crypt:3  | Found a staircase to the Tomb.
 76350 | Crypt:3  | Identified Khufu's Handbook of Dark Arts
 76527 | Crypt:3  | Got a coiled brass ring
 76527 | Crypt:3  | Got a translucent brass amulet
 76528 | Crypt:3  | Identified the ring "Nosidej" {rN+ Str+4} (You found it on
                  | level 3 of the Crypt)
 76529 | Crypt:3  | Identified the amulet of the Tortoise {Fragile rElec Regen+
                  | Dex+4} (You found it on level 3 of the Crypt)
 76530 | Crypt:3  | Identified the ring of Qeaff {rN+ Dex+2} (You found it on
                  | level 3 of the Crypt)
 76551 | Crypt:3  | Identified the +3 scale mail "Idaudal" {rElec rF- MR++}
                  | (You found it on level 3 of the Crypt)
 76919 | Vaults:5 | Entered Level 5 of the Vaults
 76940 | Vaults:4 | Reached XP level 26. HP: 297/311 MP: 27/27
 77090 | Vaults:5 | Noticed an ancient lich
 77114 | Vaults:5 | Killed an ancient lich
 77134 | Vaults:5 | Noticed an ancient lich
 77147 | Vaults:5 | Identified the +8 long sword of Kumuonip {slice, rN+}
 77150 | Vaults:5 | Killed an ancient lich
 77189 | Vaults:5 | Reached skill level 15 in Throwing
 77438 | Vaults:5 | Found Nuffuboi's Antique Weapon Shop.
 77742 | Vaults:5 | Got a silver rune of Zot
 77755 | Vaults:5 | Noticed an ancient lich
 77757 | Vaults:5 | Identified the Reference Book on Dusty Contamination
 77765 | Vaults:5 | Killed an ancient lich
 77956 | Vaults:5 | Identified the ring "Get Jafu" {rC+ MR+ Int+8 Dex-3}
 77966 | Vaults:5 | Identified the cursed +0 shield of Ozuitz {MR+ Stlth+}
 77966 | Vaults:5 | Identified the ring "Nubuf" {*Tele rF++ Str-4 Int+6}
 78783 | Vaults:5 | Gained mutation: You are completely covered in rugged brown
                  | scales. (AC +3, +7% HP) [demonic ancestry]
 78783 | Vaults:5 | Reached XP level 27. HP: 311/326 MP: 27/27
 78791 | Vaults:5 | Bought a scroll of fog for 28 gold pieces
 78791 | Vaults:5 | Bought a scroll of identify for 28 gold pieces
 78791 | Vaults:5 | Bought a scroll of teleportation for 42 gold pieces
 78791 | Vaults:5 | Bought a scroll of teleportation for 42 gold pieces
 78791 | Vaults:5 | Bought a scroll of fear for 49 gold pieces
 78791 | Vaults:5 | Bought a scroll of enchant weapon for 105 gold pieces
 78791 | Vaults:5 | Bought a scroll of fog for 28 gold pieces
 78791 | Vaults:5 | Bought a scroll of teleportation for 42 gold pieces
 79159 | Slime:1  | Entered Level 1 of the Pits of Slime
 79371 | Slime:5  | Entered Level 5 of the Pits of Slime
 79516 | Slime:5  | Noticed the Royal Jelly
 79535 | Slime:5  | Killed the Royal Jelly
 79638 | Slime:5  | Got a fine ivory ring
 79639 | Slime:5  | Identified the ring of Arrival {rN+ MP+9} (You found it on
                  | level 5 of the Pits of Slime)
 79673 | Slime:5  | Got a brightly glowing brass ring
 79674 | Slime:5  | Identified the ring of the Ten Eyes {+Inv rF+ rC++ rN+
                  | Dex-4} (You found it on level 5 of the Pits of Slime)
 79698 | Slime:5  | Identified the +9 plate armour "Joerism" {+Fly rF- Stlth+}
                  | (You found it on level 5 of the Pits of Slime)
 79700 | Slime:5  | Got a slimy rune of Zot
 80168 | Zot:1    | Entered Level 1 of the Realm of Zot
 84555 | Zot:4    | Identified the +2 pair of gloves of an ice cave {rN+
                  | Slay+2} (You acquired it on level 4 of the Realm of Zot)
 84630 | Zot:5    | Entered Level 5 of the Realm of Zot
 85024 | Zot:5    | Reached skill level 15 in Evocations
 85123 | Zot:5    | Noticed an ancient lich
 85127 | Zot:5    | Noticed an orb of fire
 85142 | Zot:5    | Noticed an ancient lich
 85146 | Zot:5    | Killed an ancient lich
 85150 | Zot:5    | Killed an ancient lich
 85156 | Zot:5    | Killed an ancient lich
 85275 | Zot:5    | Noticed an orb of fire
 85275 | Zot:5    | Noticed an ancient lich
 85280 | Zot:5    | Got the Orb of Zot
 85946 | D:$      | Escaped with the Orb!

Levels and vault maps discovered:
D:1:      dpeg_arrival_chase, layout_loops_ring
D:2:      layout_basic, minmay_fractal_squares_5
D:3:      lemuel_castle_with_subvaults [lemuel_castle_interior_original],
          layout_loops_ring
D:4:      layout_layer_cave, uniq_sigmund
D:5:      layout_loops_corners, first_ration
D:6:      layout_layer_cave, ashenzari_altar_1, uniq_edmund
D:7:      layout_loops_corners, lemuel_doored_altar, minmay_temple_entry_tees,
          serial_shops, shop_statue, the_bakery, nrook_mini_vaults
D:8:      layout_cave_pools, nicolae_overflow_quartered_altars,
          gammafunk_temple_overflow_statue, uniq_grum, uniq_erica, uniq_pikel,
          uniq_maurice, uniq_prince_ribbit1
D:9:      layout_rooms, grunt_lair_entry_orc_guard_hut, nicolae_benzene_ring,
          kennysheep_okawaru_gauntlet
D:10:     layout_irregular_city, nicolae_qazlal_style_of_elements
D:11:     layout_basic, kennysheep_orc_monster_closet_entryway,
          gauntlet_entry_generic, dk_vineyard_1, chequers_serial_rivers_micro_c,
          uniq_harold
D:12:     layout_cave_pods, serial_ice, serial_ice_g, serial_ice_i,
          serial_ice_a, serial_ice_o, minmay_misc_feat_chi,
          hangedman_decor_clover_reticule
D:13:     layout_loops_cross, serial_shops, shop_statue, kennysheep_cross_room
D:14:     layout_basic, erik_vaults_1, lemuel_altar_in_water,
          minmay_fractal_squares_gapless_7
D:15:     grunt_enter_depths_hoard, layout_cave_pools, serial_rivers,
          chequers_serial_rivers_micro_a, chequers_serial_rivers_micro_a,
          chequers_serial_rivers_large_b, chequers_serial_rivers_micro_e,
          chequers_serial_rivers_micro_e, chequers_serial_rivers_small_b,
          minmay_misc_feat_five, basic_altar
Temple:   eino_temple_water
Lair:1:   layout_chaotic_city, grunt_megastairs_3, serial_bayou_shore_a,
          infiniplex_staircase_pool, lemuel_fruit_tree
Lair:2:   layout_gridlike, ebering_ghost_rock_garden, forest_entry_grove,
          serial_bayou_shore_b
Lair:3:   layout_gridlike, guppyfry_snake_entry_island,
          chequers_serial_rivers_room_a
Lair:4:   layout_loops_ring, palyth_hydra_swamp_entry, st_stairs_7,
          chequers_serial_rivers_micro_a, lemuel_fruit_fields
Lair:5:   layout_loops_ring, dpeg_slime_entry_enclosed_altar,
          lemuel_old_faithful, grunt_megastairs_1, lemuel_fruit_fields
Lair:6:   hangedman_lair_tendril_chambers, layout_regular_city, wormcave,
          tgw_fedhas, minmay_lair_oklob_chamber
Swamp:1:  layout_basic_swamp, evilmike_swamp_ruin_house_2, swamp_pool1
Swamp:2:  layout_falls_marsh, evilmike_swamp_ruin_house_4, swamp_pool4,
          hangedman_swamp_cone
Swamp:3:  layout_basic_swamp, nicolae_swamp_round_clearing, swamp_pool3
Swamp:4:  swamp, layout_basic_swamp, nicolae_swamp_alligator_family, uniq_mara,
          uniq_bai_suzhen
Snake:1:  layout_misc_corridors, basic_altar, drop_trap
Snake:2:  layout_onion, special_room, basic_altar, uniq_nikola, uniq_roxanne
Snake:3:  layout_cave_town, serial_bayou_shore_b, uniq_louise
Snake:4:  snake_pit, layout_layer_cave, st_stairs_9, uniq_donald
Slime:1:  layout_caves
Slime:2:  layout_caves, basic_altar
Slime:3:  layout_caves
Slime:4:  layout_caves, basic_altar
Slime:5
Orc:1:    layout_caves, serial_shops, shop, basic_altar, uniq_nergalle
Orc:2:    grunt_orc_gardens, layout_diamond_mine, grunt_orc_garden,
          grunt_orc_garden, grunt_orc_garden, grunt_orc_garden, basic_altar,
          serial_shops, shop
Elf:1:    elf_arrival_002, layout_loops_corners, evilmike_minifort,
          roderic_lattice_octagonal_star, uniq_jorgrun, uniq_agnes
Elf:2:    layout_loops_cross
Elf:3:    minmay_elf_hall_curves, layout_geoelf_diagonals
Vaults:1: v_alt_pattern_6, vaults_mumra_hex, hangedman_vaults_cutoff,
          hangedman_vaults_unwind, ontoclasm_vaults_decontamination,
          hangedman_vaults_locks, nicolae_vaults_circle_grid_a, v_misc_3,
          nicolae_vaults_little_ls, v_misc_24, nicolae_vaults_theta,
          layout_vaults_omnibox
Vaults:2: vaults_dpeg_spiral, v_alt_pattern_6, nicolae_vaults_quartermaster,
          nicolae_vaults_diagonal_hallway_8, minmay_crypt_entry_simple_statues,
          nicolae_vaults_little_squares_4, vaults_dpeg_ring,
          nicolae_vaults_yaktaur_gun_rack, layout_vaults_omnigrid,
          portal_desolation_entry_garden, uniq_boris
Vaults:3: vaults_room_boxed, nicolae_vaults_what_the_h,
          nicolae_vaults_network_quincunx
          [nicolae_vaults_network_quincunx_subvault,
          nicolae_vaults_network_quincunx_subvault,
          nicolae_vaults_network_quincunx_subvault,
          nicolae_vaults_network_quincunx_subvault,
          nicolae_vaults_network_quincunx_subvault], ontoclasm_vaults_shout,
          dpeg_vaults_monster_box, vaults_mumra_minichess_inversion,
          nicolae_vaults_angled_halls, nicolae_vaults_mini_display_case,
          nicolae_vaults_ring_of_whatevers, nicolae_vaults_little_squares_3,
          layout_vaults_chaotic_city, uniq_aizul, uniq_mennas
Vaults:4: st_octagons_2, vaults_room_octagon, hangedman_vaults_restitches,
          nicolae_vaults_little_squares_1, ontoclasm_vaults_ring_small,
          v_misc_10, v_misc_14, layout_vaults_big_cross, serial_shops, shop
Vaults:5: serial_shops
Crypt:1:  layout_chaotic_city, uniq_margery
Crypt:2:  layout_catacombs, mu_enter_wizlab_2
Crypt:3:  due_elkab, layout_chaotic_city, tomb_entry_forgotten_bobbens
Depths:1: layout_basic, gammafunk_ghost_berserking_beasts,
          chequers_serial_rivers_room_b, hell_entry, serial_bayou_ford_a,
          hangedman_abyss_or_decor_stagger, statue_in_the_mist_lemuel,
          lemuel_statue_altar
Depths:2: minmay_sliced_demisemicircle, layout_cave_shapes, enter_ziggurat_f,
          kennysheep_decorative_pillar, grunt_mini_vestibule
Depths:3: evilmike_hourglass, layout_gridlike,
          nicolae_abyss_entry_one_way_or_another, rand_demon_pan_entry_8,
          chequers_serial_rivers_micro_b, pf_coc_iceberg, minmay_liquid_box,
          grunt_decor_mini_mirrors
Depths:4: kennysheep_ogre_elephant_herders, layout_basic,
          chequers_serial_rivers_room_b, hell_entry, abyss_entry_flame_altar,
          minmay_shoptagon
Depths:5: evilmike_zot_entry_gauntlet, layout_twisted_cross,
          rand_demon_pan_entry_7, gammafunk_ghost_icy, hangedman_decor_opposing,
          pf_hell_entry_tar_spiral, serial_sigils_hangedman_snap, st_stairs_9
Zot:1:    layout_cathedral_of_symmetry
Zot:2:    layout_cathedral_of_symmetry, hangedman_zot_spectrum
Zot:3:    layout_basic
Zot:4:    layout_concentric_octagons, st_stairs_1, st_single_dragon_hoard_2
Zot:5:    layout_misc_corridors

Skill      XL: |  1  2  3  4  5  6  7  8  9 10 11 12 13 14 15 16 17 18 19 20 21 22 23 24 25 26 27 |
---------------+----------------------------------------------------------------------------------+-----
Staves         | 3 4 5 6 7 9 11 12 14 | 14.7
Armour         | 1 2 3 4 6 7 9 10 12 14 15 16 21 | 21.3
Dodging        | 5 9 11 12 14 15 16 18 20 22 23 24 | 24.4
Fighting       | 5 10 13 15 16 17 19 21 22 23 24 | 24.0
Evocations     | 5 8 10 15 | 15.9
Throwing       | 3 7 9 11 12 13 14 16 | 16.0

Action                   |  1- 3 |  4- 6 |  7- 9 | 10-12 | 13-15 | 16-18 | 19-21 | 22-24 | 25-27 || total
-------------------------+-------+-------+-------+-------+-------+-------+-------+-------+-------++-------
Melee: Quarterstaff      |   109 |   254 |   512 |     4 |    57 |   161 |       |       |       ||  1097
       Headbutt          |     9 |    36 |   100 |   168 |   476 |   603 |   748 |   575 |   752 ||  3467
       Lajatang          |       |       |    29 |   759 |  1630 |  1827 |  1739 |  1433 |  1718 ||  9135
       Kick              |       |       |       |    51 |       |       |       |       |       ||    51
       Peck              |       |       |       |   119 |   454 |   588 |   663 |   550 |   698 ||  3072
Throw: Throwing net      |       |     2 |     3 |     1 |     1 |       |       |       |       ||     7
       Dart              |       |       |    10 |    58 |    38 |       |       |       |       ||   106
       Javelin           |       |       |       |       |    16 |    44 |    31 |    27 |    26 ||   144
Invok: Call Merchant     |       |       |       |     2 |     2 |     4 |     1 |       |     1 ||    10
       Bribe Branch      |       |       |       |       |       |       |       |       |     3 ||     3
       Potion Petition   |       |       |       |       |       |       |       |       |     1 ||     1
 Abil: Evoke Blink       |       |       |       |       |       |       |     2 |       |       ||     2
Evoke: Wand              |       |       |     1 |     8 |    14 |    20 |     1 |     1 |    21 ||    66
       Phial of floods   |       |       |       |       |     3 |     2 |       |     1 |     1 ||     7
       Box of beasts     |       |       |       |       |     2 |     1 |       |     1 |     1 ||     5
  Use: Scroll            |       |    13 |     7 |    14 |    17 |     8 |    18 |     8 |    20 ||   105
       Potion            |       |       |     3 |     6 |     7 |    12 |     3 |     4 |     7 ||    42
 Stab: Sleeping          |     4 |     1 |       |     1 |     1 |     1 |     2 |       |       ||    10
       Held in net/web   |       |       |     2 |       |       |       |       |       |       ||     2
       Distracted        |       |       |     1 |       |    17 |    10 |    21 |    12 |    32 ||    93
       Petrified         |       |       |       |     4 |       |       |     3 |     4 |     2 ||    13
       Fleeing           |       |       |       |     1 |       |       |       |       |       ||     1
       Paralysed         |       |       |       |       |     3 |       |     9 |     7 |    19 ||    38
       Confused          |       |       |       |       |       |     1 |     1 |     8 |    12 ||    22
       Petrifying        |       |       |       |       |       |       |     9 |    13 |     4 ||    26
  Eat: Chunk             |     1 |    12 |    17 |       |       |       |       |       |       ||    30
       Ration            |       |       |     1 |     8 |    15 |    15 |    13 |    11 |    12 ||    75
Armor: Leather armour    |    29 |     5 |       |       |       |       |       |       |       ||    34
       Chain mail        |       |   128 |   216 |   363 |   750 |   774 |       |       |       ||  2231
       Skin              |       |       |    19 |       |       |       |       |       |       ||    19
       Plate armour      |       |       |       |       |       |   151 |   464 |   391 |   495 ||  1501
Dodge: Dodged            |    76 |    97 |   186 |   351 |  1098 |  1624 |  1292 |  1324 |  1757 ||  7805
Block: Other             |       |       |       |       |       |    13 |    74 |    84 |    19 ||   190
       Reflection        |       |       |       |       |       |       |     3 |     5 |       ||     8
